Cogmind - Beta 9.5 @@@ ROGUE MODE // 2020.04.09 @ 01:48:22 Player: V_ Result: Self-destructed Performance ------------- Evolutions (1) 500 Regions Visited (5) 1000 Robots Destroyed (26) 130 Value Destroyed (643) 643 Prototype IDs (1) 20 Alien Tech Used (0) 0 Bonus (672) 672 TOTAL SCORE: 2965 Bonus ------- Follower Combat Kills 191 Met Imprinter 300 Was Imprinted 300 Friendly Fire -119 Cogmind --------- Core Integrity 190/400 Matter 207/300 Energy 100/100 System Corruption 0% Temperature Cool (0) Movement Walking (120) Location -6/Proximity Caves Parts ------- > --- POWER (1) -------- (None) > --- PROPULSION (4) --- Aluminum Leg > --- UTILITY (2) ------ Heat Sink > --- WEAPON (2) ------- Light Cannon > --- INVENTORY (4) ---- Improved Flight Unit Improved Terrain Scanner Targeting Computer Peak State ------------ > --- POWER ------------ Light Angular Momentum Engine > --- PROPULSION ------- Aluminum Leg Aluminum Leg Carbon-fiber Leg > --- UTILITY ---------- Heat Sink > --- WEAPON ----------- Heavy Laser Rocket Launcher > --- INVENTORY -------- Improved Flight Unit Improved Terrain Scanner Targeting Computer Light Cannon [Rating: 17] Favorites ----------- Power Improved Ion Engine Engine Improved Ion Engine Propulsion Aluminum Leg Treads Light Treads Leg Aluminum Leg Flight Unit Improved Flight Unit Utility Heat Sink Device Heat Sink Processor Seismic Analyzer Protection Medium Armor Plating Weapon Medium Laser Energy Gun Medium Laser Ballistic Gun Light Assault Rifle Ballistic Cannon Light Cannon Launcher Rocket Launcher Special Weapon Mining Laser Build | -11 -10 -9 -9 -7 -6 ------- Run | Scr Mat Mat Min Zio Pro Slots Evolved 2 | . . 2 . . . Power . | . . . . . . Propulsion 2 | . . 2 . . . Utility . | . . . . . . Weapon . | . . . . . . Parts Attached 45 | 11 6 23 1 . 4 Power 6 | 2 1 2 . . 1 Engine 6 | 2 1 2 . . 1 Core . | . . . . . . Reactor . | . . . . . . Propulsion 16 | 4 . 11 . . 1 Treads 3 | 2 . 1 . . . Leg 12 | 2 . 9 . . 1 Wheel . | . . . . . . Hover . | . . . . . . Flight 1 | . . 1 . . . Utility 7 | 3 1 3 . . . Device 4 | 1 1 2 . . . Storage . | . . . . . . Processor 2 | 2 . . . . . Hackware . | . . . . . . Protection 1 | . . 1 . . . Artifact . | . . . . . . Weapon 16 | 2 4 7 1 . 2 Energy Gun 7 | 2 2 2 . . 1 Energy Cannon . | . . . . . . Ballistic Gun 4 | . . 4 . . . Ballistic Cannon 2 | . . 1 . . 1 Launcher 1 | . . . 1 . . Special Weapon 2 | . 2 . . . . Impact Weapon . | . . . . . . Slashing Weapon . | . . . . . . Piercing Weapon . | . . . . . . Special Melee Weapon . | . . . . . . Unidentified Prototypes 1 | . . 1 . . . Parts Lost 14 | . 1 5 . . 8 Power 3 | . 1 1 . . 1 Propulsion 5 | . . 1 . . 4 Utility 2 | . . 1 . . 1 Weapon 4 | . . 2 . . 2 Highest Loss Streak 4 | . 1 4 . . 4 Average Slot Usage (%) 90 | . 90 76 100 100 88 Engine 9 | . 8 8 11 11 11 Treads 7 | . 25 5 . . . Leg 27 | . . 24 44 44 37 Device 13 | . 14 17 11 11 11 Processor 3 | . 13 . . . . Protection 5 | . . 2 11 11 5 Energy Gun 7 | . 20 7 . . 4 Ballistic Gun 2 | . . 9 2 . . Ballistic Cannon 5 | . . 1 11 11 6 Launcher 5 | . . . 8 11 11 Special Weapon 1 | . 7 . . . . Naked Turns . | . . . . . . Heaviest Build 22 | 10 10 21 22 22 22 Greatest Support 43 | 40 40 43 40 40 40 Greatest Overweight (x) 6 | . . 6 . . . Average Overweight (x) . | . . . . . . Largest Inventory Capacity 4 | 4 4 4 4 4 4 Average Capacity 4 | 4 4 4 4 4 4 Most Carried 4 | 4 4 4 4 4 4 Average Carried 3 | 3 3 2 3 4 3 Final Capacity 4 | 4 4 4 4 4 4 Final Carried 4 | 4 2 4 4 4 3 Class Distribution -------------------- 36% | Messiah-Mutant 32% | Scavenger-Mutant 30% | Mutant Dominant Class ---------------- Mutant | -10/Materials Scavenger-Mutant | -9/Materials Scavenger-Mutant | -9/Mines Messiah-Mutant | -7/Zion Messiah-Mutant | -6/Proximity Caves Resources | -11 -10 -9 -9 -7 -6 ----------- Run | Scr Mat Mat Min Zio Pro Matter Collected 809 | 310 54 244 . . 201 Remotely . | . . . . . . Salvage Created 929 | 199 63 399 . . 268 Parts 55 | 11 5 34 . . 5 Haulers Intercepted . | . . . . . . Recyclers Shooed 1 | 1 . . . . . Parts Field Recycled . | . . . . . . Retrieved Matter . | . . . . . . Parts Self-Destructed 8 | . . . . . 8 Prevented 3 | . . . . . 3 Kills | -11 -10 -9 -9 -7 -6 ------- Run | Scr Mat Mat Min Zio Pro Combat Hostiles Destroyed 19 | . 1 12 . . 6 Guns 13 | . 1 12 . . . AOE 6 | . . . . . 6 Classes Destroyed 7 | 2 2 2 . . 1 Worker 1 | . 1 . . . . Tunneler 4 | 4 . . . . . Recycler 1 | 1 . . . . . Swarmer 7 | . . 6 . . 1 Grunt 9 | . 1 3 . . 5 Sentry 3 | . . 3 . . . Mutant 1 | . . . . . 1 Best Kill Streak 5 | 5 1 4 . . 4 Combat Bots Only 4 | . 1 4 . . 4 Max Kills in Single Turn 2 | 1 1 1 . . 2 Gunslinging . | . . . . . . Exploded 2 | . . . . . 2 Melee . | . . . . . . Uniques/NPCs Destroyed . | . . . . . . Combat | -11 -10 -9 -9 -7 -6 -------- Run | Scr Mat Mat Min Zio Pro Damage Taken 2024 | . 461 689 . . 874 Core 314 | . 104 116 . . 94 Absorbed by Shields . | . . . . . . Core Remaining (%) 79 | 100 58 . . . . Volleys Fired 94 | 10 15 51 . . 18 Largest 2 | 2 2 2 . . 2 Hottest 200 | 100 200 76 . . 102 Shots Fired 152 | 20 30 67 . . 35 Gun 111 | 20 18 67 . . 6 Cannon 12 | . . . . . 12 Launcher 17 | . . . . . 17 Special 12 | . 12 . . . . Kinetic 61 | . . 49 . . 12 Thermal 62 | 20 30 6 . . 6 Explosive 17 | . . . . . 17 Electromagnetic 12 | . . 12 . . . Robot Hit Streak 21 | 8 7 21 . . 4 Robot Miss Streak 2 | 2 2 2 . . 2 Penetration Max . | . . . . . . Secondary Targets 1 | . 1 . . . . Max Gunslinging Chain 1 | . 1 . . . . Shots Hit Robots 90 | 14 15 52 . . 9 Core Hits 52 | 6 4 19 . . 23 Critical Hits . | . . . . . . Critical Kills . | . . . . . . Critical Parts Destroyed . | . . . . . . Melee Attacks . | . . . . . . Impact . | . . . . . . Slashing . | . . . . . . Piercing . | . . . . . . Sneak Attacks . | . . . . . . Combat Hostiles . | . . . . . . Follow-up Attacks . | . . . . . . Damage Inflicted 2058 | 164 187 575 . . 1132 Guns 1003 | 164 187 575 . . 77 Cannons 84 | . . . . . 84 Explosions 971 | . . . . . 971 Melee . | . . . . . . Ramming . | . . . . . . Kinetic 479 | . . 395 . . 84 Thermal 500 | 164 187 72 . . 77 Explosive 971 | . . . . . 971 Electromagnetic 108 | . . 108 . . . Impact . | . . . . . . Slashing . | . . . . . . Piercing . | . . . . . . Highest Corruption 4 | . 4 . . . . Average Corruption 4 | . 4 . . . . Corruption Purged . | . . . . . . Effects 8 | . 8 . . . . Message Errors 2 | . 2 . . . . Matter Fused 1 | . 1 . . . . Heat Flow Errors 1 | . 1 . . . . Energy Discharges 2 | . 2 . . . . Targeting Errors 2 | . 2 . . . . Overload Shots . | . . . . . . Overflow Damage 73 | . . . . . 73 Projectiles . | . . . . . . Explosions 73 | . . . . . 73 Melee . | . . . . . . Knockbacks 2 | . . . . . 2 Impact . | . . . . . . Kinetic 2 | . . . . . 2 Secondary . | . . . . . . Self-Inflicted Damage 31 | . . . . . 31 Shots 1 | . . . . . 1 Rammed 1 | . . 1 . . . Targets Rammed 1 | . . 1 . . . Kicked . | . . . . . . Crushed . | . . . . . . Highest Temperature 333 | 333 285 4 . . 36 Average Temperature 79 | 160 63 4 . . 11 Received Heat Transfer 516 | . 117 201 . . 198 Effects 1 | 1 . . . . . Short Circuit 1 | 1 . . . . . Siege Activations . | . . . . . . Robots Corrupted . | . . . . . . Combat Hostiles . | . . . . . . Parts Fried . | . . . . . . Impact Corruptions . | . . . . . . Robots Melted . | . . . . . . Combat Hostiles . | . . . . . . Parts Melted 3 | 2 . 1 . . . Heat Transferred 1369 | 481 555 185 . . 148 Parts Sabotaged . | . . . . . . Parts Stolen . | . . . . . . Parts Stripped . | . . . . . . Power Chain Reactions . | . . . . . . Missiles Intercepted . | . . . . . . Alert | -11 -10 -9 -9 -7 -6 ------- Run | Scr Mat Mat Min Zio Pro Peak Influence 280 | 25 37 280 48 . . Average Influence 63 | 17 10 139 48 . . Maximum Alert Level 1 | . . 1 . . . Low Security (%) 89 | 100 100 74 100 . . Level 1 10 | . . 25 . . . Level 2 . | . . . . . . Level 3 . | . . . . . . Level 4 . | . . . . . . Level 5 . | . . . . . . High Security . | . . . . . . Max Security . | . . . . . . Squads Dispatched 2 | . 1 1 . . . Investigation 1 | . 1 . . . . Extermination . | . . . . . . Reinforcement 1 | . . 1 . . . Assault . | . . . . . . Garrison . | . . . . . . Intercept . | . . . . . . Construction Impeded . | . . . . . . Haulers Reinforced . | . . . . . . Stealth | -11 -10 -9 -9 -7 -6 --------- Run | Scr Mat Mat Min Zio Pro Distress Signals 3 | . . 3 . . . Communications Jammed . | . . . . . . Distress Signals . | . . . . . . Times Spotted 41 | . 5 23 . . 13 Peak Tracking Total 6 | . 4 5 . . 6 Tactical Retreats 2 | . 1 1 . . . Traps | -11 -10 -9 -9 -7 -6 ------- Run | Scr Mat Mat Min Zio Pro Traps Triggered 1 | . 1 . . . . Indirectly . | . . . . . . Trap Hack Attempts . | . . . . . . Triggered . | . . . . . . Disarmed . | . . . . . . Reprogrammed . | . . . . . . Reused . | . . . . . . Traps Extracted . | . . . . . . Installed . | . . . . . . Triggered . | . . . . . . Machines | -11 -10 -9 -9 -7 -6 ---------- Run | Scr Mat Mat Min Zio Pro Machines Disabled 2 | . . . . . 2 Max in Single Turn 2 | . . . . . 2 Machines Sabotaged . | . . . . . . Garrisons Compromised . | . . . . . . Overloaded Fab Kills . | . . . . . . Fab Network Shutdowns . | . . . . . . Hacking | -11 -10 -9 -9 -7 -6 --------- Run | Scr Mat Mat Min Zio Pro Machines Accessed 1 | . 1 . . . . Terminals . | . . . . . . Fabricators . | . . . . . . Repair Stations 1 | . 1 . . . . Recycling Units . | . . . . . . Scanalyzers . | . . . . . . Garrison Access . | . . . . . . Total Hacks 4 | . 4 . . . . Successful 3 | . 3 . . . . Failed 1 | . 1 . . . . Catastrophic . | . . . . . . Database Lockouts . | . . . . . . Manual 2 | . . . . 2 . Terminals . | . . . . . . Fabricators . | . . . . . . Repair Stations 4 | . 4 . . . . Recycling Units . | . . . . . . Scanalyzers . | . . . . . . Garrison Access . | . . . . . . Terminal Hacks . | . . . . . . Fabricator Hacks . | . . . . . . Repair Station Hacks 3 | . 3 . . . . Scan Component 2 | . 2 . . . . Repair 1 | . 1 . . . . Recycling Unit Hacks . | . . . . . . Scanalyzer . | . . . . . . Garrison Access Hacks . | . . . . . . Unauthorized Hacks . | . . . . . . Terminals . | . . . . . . Fabricators . | . . . . . . Repair Stations . | . . . . . . Recycling Units . | . . . . . . Scanalyzers . | . . . . . . Garrison Access . | . . . . . . Data Cores Recovered . | . . . . . . Used . | . . . . . . Hacking Detections 1 | . 1 . . . . Full Trace Events 1 | . 1 . . . . Feedback Events . | . . . . . . Feedback Blocked . | . . . . . . Robot Schematics Acquired . | . . . . . . Robots Built . | . . . . . . Matter . | . . . . . . Time . | . . . . . . Total Robot Build Rating . | . . . . . . Part Schematics Acquired . | . . . . . . Parts Built . | . . . . . . Matter . | . . . . . . Time . | . . . . . . Total Part Build Rating . | . . . . . . Parts Repaired 1 | . 1 . . . . Time 26 | . 26 . . . . Parts Recycled . | . . . . . . Recycled Matter . | . . . . . . Retrieved Matter . | . . . . . . Retrieved Components . | . . . . . . Parts Scanalyzed . | . . . . . . Part Schematics Acquired . | . . . . . . Parts Damaged . | . . . . . . Bothacking | -11 -10 -9 -9 -7 -6 ------------ Run | Scr Mat Mat Min Zio Pro Used RIF Installer . | . . . . . . Robots Hacked . | . . . . . . Non-combat . | . . . . . . Combat . | . . . . . . Robot Hacks Applied . | . . . . . . Relay Couplers Released . | . . . . . . Robots Rewired . | . . . . . . Allies Hacked . | . . . . . . Hacks Repelled . | . . . . . . Allies | -11 -10 -9 -9 -7 -6 -------- Run | Scr Mat Mat Min Zio Pro Total Allies 4 | . . . . 4 . Largest Group 4 | . . . . 4 4 Highest-Rated Group 151 | . . . . 151 151 Highest-Rated Ally 39 | . . . . 39 39 Total Orders . | . . . . . . Ally Attacks 53 | . . . . . 53 Total Damage 775 | . . . . . 775 Kills 7 | . . . . . 7 Allies Corrupted . | . . . . . . Allies Melted . | . . . . . . Intel | -11 -10 -9 -9 -7 -6 ------- Run | Scr Mat Mat Min Zio Pro Robot Analysis Total . | . . . . . . Derelict Logs Recovered 1 | . . . . . 1 Drone Launches . | . . . . . . Drone Recoveries . | . . . . . . Exploration | -11 -10 -9 -9 -7 -6 ------------- Run | Scr Mat Mat Min Zio Pro Turns Passed 3285 | 268 726 670 53 1002 566 Spaces Moved 1974 | 161 130 384 42 836 421 Core 19 | 17 . 2 . . . Treads 295 | 62 130 103 . . . Legs 1658 | 82 . 277 42 836 421 Wheels . | . . . . . . Hover . | . . . . . . Flight 2 | . . 2 . . . Fastest Speed 50 | 50 160 120 120 120 120 Average Speed 125 | 128 160 132 120 120 120 Slowest Speed 350 | 160 160 350 120 120 120 Overloaded Moves . | . . . . . . Propulsion Burnouts . | . . . . . . Robots Hopped . | . . . . . . Cave-ins Triggered 1 | . 1 . . . . Exploration Rate (%) 28 | 4 21 13 15 63 56 Regions Visited 5 Branch Regions 3 Pre-discovered Areas . | . . . . . . Known Exits Taken . | . . . . . . Unknown Exits Taken 5 | 1 1 1 1 1 . Scrap Searched . | . . . . . . Spaces Dug 8 | . 8 . . . . Terrain Destroyed 107 | . 9 . . . 98 Melee . | . . . . . . Projectile 9 | . 9 . . . . AOE 98 | . . . . . 98 Actions | -11 -10 -9 -9 -7 -6 --------- Run | Scr Mat Mat Min Zio Pro Total 2606 | 202 593 486 44 835 446 Wait 448 | 9 439 . . . . Move 1969 | 160 129 383 41 835 421 Hop . | . . . . . . Pick Up 18 | 8 1 8 1 . . Fast Attach 28 | 7 1 17 . . 3 Attach 12 | 4 1 6 . . 1 Detach 8 | 1 1 5 . . 1 Swap 5 | . 4 . 1 . . Drop 23 | 3 2 15 1 . 2 Fire 94 | 10 15 51 . . 18 Melee . | . . . . . . Ram . | . . . . . . Kick . | . . . . . . Crush 1 | . . 1 . . . Escape Stasis . | . . . . . . Rewire . | . . . . . . Trap . | . . . . . . Miscellaneous . | . . . . . . Route ------- -11/Scrapyard -10/Materials -9/Materials -9/Mines (discovered 2 exits: [*Mat] / *Zio) -7/Zion -6/Proximity Caves History --------- Turn | Location | Event 13 | -11/Scrapyard | Discovered new exit (range 15) 269 | -11/Scrapyard | Entered Materials 308 | -10/Materials | Build established: Mutant 633 | -10/Materials | Discovered new exit (range 15) 681 | -10/Materials | Crushed by falling debris 872 | -10/Materials | Repaired Lgt. Treads? 995 | -10/Materials | Entered another Materials area 995 | -9/Materials | Evolved 2 slots: Propulsion x2 1186 | -9/Materials | Lost 4 parts (1p1n1u1w) 1609 | -9/Materials | Build established: Scavenger-Mutant 1635 | -9/Materials | Discovered new exit (range 5) 1665 | -9/Materials | Entered Mines 1673 | -9/Mines | Received a Rocket Launcher from a helpful Derelict 1688 | -9/Mines | Discovered new exit (range 15) 1702 | -9/Mines | A Derelict revealed a hidden shortcut to a safe place 1718 | -9/Mines | Entered Zion 2078 | -7/Zion | Imprinted 2080 | -7/Zion | Declared Zion's savior 2380 | -7/Zion | Build established: Messiah-Mutant 2593 | -7/Zion | Discovered new exit (range 12) 2720 | -7/Zion | Entered Proximity Caves 2720 | -6/Proximity Caves | Accompanied by 4 allies 3040 | -6/Proximity Caves | Attracted the attention of an 0b10 base 3084 | -6/Proximity Caves | Lost 3 parts (2n1u) 3207 | -6/Proximity Caves | Attracted the attention of an 0b10 checkpoint 3282 | -6/Proximity Caves | Core integrity fell below 50% 3286 | -6/Proximity Caves | Self-destructed Last Messages --------------- 03273_ Slug penetrates Wall. 03273_ Slug penetrates QF-EDP(M). 03275_ Penetrated by Slug. 03277_ Destroyed Phase Shifter. 03277_ Slug penetrates Wall. 03277_ Penetrated by Slug. 03277_ Carbon-fiber Leg destroyed. 03278_ The unstable cave ceiling collapses. 03280_ RV-3RL(M) destroyed. [Achievement: Backstab] 03280_ Destroyed Phase Shifter. 03280_ Slug penetrates H-66 Slayer. 03280_ Hvy. Laser destroyed. 03281_ The unstable cave ceiling collapses. 03281_ Penetrated by Slug. 03281_ Rocket Launcher destroyed. 03284_ The unstable cave ceiling collapses. 03284_ Slug penetrates Wall. 03285_ Penetrated by Slug. 03285_ Lgt. Angular Momentum Engine destroyed. Map ----- +----------------------------------------------------+ | | | | | | | | | | | | | | | | | ?????????????????????????????????????????????????? | | ?????????????????????????????????????????????????? | | ?????????????????????????????????????????????????? | | ?????????????????????????????????????????????????? | | ?????????????????????????????????????????????????? | | ?????????????????????????????????????????????????? | | ?????????????????????????????????????????????????? | | ?????????????????????????????????????????????????? | | ?????????????????????????????????????????????????? | | ?????????????????????????????????????????????????? | | ?????????????????????????????????????????????????? | | ?????????????????????????????????????????????????? | | ?????????????????????????????????????????????????? | | ?????????????????????????????????????????????????? | | ????????????????????????#########????????????????? | | ??????????###############M ## # ????????? | | ??????????# M h ????????? | | ??????????# @%= h ????????? | | ??????????# " " ###= ## ###???????????????? | | ??????????# """ "" ##??# ##?????????????????? | | ??????????# """" "" ##????####??????????????????? | | ??????????# "" " ########????????????????????? | | ??????????# ## ##???????????????????? | | ??????????# # #???????????????????? | | ??????????##### #???????????????????? | | ??????????????# ##???????????????????? | | ??????????????####### ##???????????????????? | | ????????????????# #?????????##????????? | | ????????????????# ##??????? ????????? | | ????????????????# #?????? #????????? | | ???????????????## ###### #????????? | | ????????????#### #???????? | | ????????????# ###?????????????? | | ????????????# ##???????????????? | | ????????????# ## = ##????????????????? | | ????????????#### ## #????????????????? | | ???????????????## ## #????????????????? | | ????????????????# ### ##????????????????? | | ????????????????# ##?## #####?????????????????? | | ????????????????# #???# ##?????????????????????? | | ????????????????# ##### ??????????????????????? | | ????????????????# ### ?????????????????????? | +----------------------------------------------------+ Best States ------------- Heat Dissipation 48 Energy Generation 18 Energy Capacity 265 Matter Stores 300 Matter Capacity 300 Sight Range 16 Robot Scan Range 10 Terrain Scan Range 16 Terrain Scan Density 60 Armor Coverage 225 Evasion (%) 50 Recoil Reduction 2 Item Schematics ----------------- None Robot Schematics ------------------ None Fabricated ------------ Nothing Alien Tech Used ----------------- None Achievements -------------- Backstab Challenges ------------ None Game ------ Seed DecoderBombSegregator Manual? 0 Play Time 00:29:09 Cumulative 2.0 hours Start 2020.04.09 @ 01:20:02 End 2020.04.09 @ 01:48:22 Sessions 1 Manual Loads 0 Difficulty Rogue Special Mode None Game No. 7 Rogue 7 Adventurer 0 Explorer 0 Win Type - Total 0 Types 0/0/0/0/0/0/0 Lore% 4 Gallery% 7 Achievement% 7 Wizard Run 0 Options --------- ASCII 0 Keyboard 1 Movement Arrows Keybinds 0 Fullscreen 1 Font 24/Smallcaps Map View 76x50 Tactical HUD 1 Map Filters NONE Filters NONE Steam 1 RUN: a03f8bb9-0666-4d87-8a18-acd87411faa4